Map: Pillars of Gold LE

Players

PiLiPiLi

  • Race: Protoss Protoss
  • League: Grandmaster
  • Spawn Location: 7:00

Namshar - Winner!

  • Race: Zerg Zerg
  • League: Grandmaster
  • Spawn Location: 1:00

Event: DreamHack SC2 Masters 2020 Winter

VOD

Have the link to the VOD?

Description

Time

  • Played on: Nov. 5, 2020, 5:55 p.m.
  • Length: 10:02

All games in this series

Show
View Real Time Build Order
Export as new Build Order

PiLiPiLi Protoss 

Build Orders: 1 Gate Expand, Colossus Rush 

Get SALT Encoding   

  12  0:00  Probe  
  13  0:12  Probe  
  14  0:19  Pylon  
  14  0:24  Probe  
  15  0:38  Probe (Chrono Boost)  
  15  0:39  Gateway  
  16  0:48  Probe (Chrono Boost)  
  17  0:51  Assimilator  
  17  0:53  Probe (Chrono Boost)  
  19  1:04  Probe  
  19  1:16  Probe  
  20  1:25  Nexus  
  20  1:35  Cybernetics Core  
  20  1:38  Probe  
  21  1:46  Assimilator  
  21  1:50  Probe  
  22  1:55  Pylon  
  22  2:03  Probe  
  23  2:11  Stalker (Chrono Boost)  
  23  2:14  Warp Gate  
  25  2:16  Probe  
  26  2:28  Probe  
  27  2:32  Robotics Facility, Adept (Chrono Boost)  
  29  2:40  Probe  
  29  2:43  Probe  
  31  2:52  Probe  
  31  2:55  Gateway  
  31  2:56  Probe  
  33  3:04  Stalker, Probe  
  36  3:08  Probe  
  37  3:16  Probe  
  38  3:20  Probe  
  38  3:21  Observer (Chrono Boost)  
  38  3:22  Robotics Bay  
  40  3:28  Probe  
  40  3:33  Warp Prism (Chrono Boost)  
  41  3:35  Probe  
  44  3:42  Probe  
  44  3:43  Pylon  
  44  3:47  Probe  
  46  3:51  Assimilator  
  46  3:56  Assimilator  
  46  3:57  Gateway  
  46  4:01  Probe x2  
  48  4:03  Sentry  
  48  4:09  Pylon  
  50  4:10  Disruptor (Chrono Boost)  
  50  4:13  Probe  
  54  4:27  Probe x2  
  54  4:29  Gravitic Drive  
  56  4:32  Pylon  
  56  4:39  Probe  
  57  4:47  Disruptor  
  57  4:50  Probe  
  57  4:52  Pylon  
  61  4:59  Shield Battery  
  61  5:00  Adept x3  
  67  5:22  Colossus (Chrono Boost)  
  73  5:28  Nexus  
  73  5:29  Extended Thermal Lance  
  73  5:31  Pylon  
  73  5:32  Probe  
  75  5:35  Probe  
  75  5:42  Sentry  
  77  5:44  Probe  
  77  5:47  Forge  
  77  5:49  Twilight Council, Probe  
  79  5:56  Protoss Ground Weapons Level 1, Probe  
  80  6:01  Probe  
  81  6:08  Probe  
  81  6:10  Sentry  
  84  6:13  Probe  
  85  6:20  Probe  
  86  6:25  Shield Battery  
  86  6:26  Colossus  
  86  6:27  Pylon  
  86  6:28  Pylon  
  86  6:30  Assimilator  
  86  6:35  Blink (Chrono Boost)  
  86  6:36  Assimilator  
  86  6:40  Probe  
  86  6:42  Probe  
  86  6:45  Probe  
  95  6:51  Gateway  
  95  6:52  Probe  
  96  6:54  Gateway, Probe  
  96  6:55  Gateway  
  96  6:57  Gateway  
  96  7:00  Probe  
  98  7:04  Probe  
  98  7:08  Probe  
  100  7:10  Stalker, Sentry x2, Colossus (Chrono Boost)  
  100  7:12  Probe  
  107  7:16  Probe  
  107  7:20  Probe  
  115  7:39  Stalker  
  115  7:42  Pylon  
  115  7:43  Pylon  
  117  7:45  Gateway  
  117  7:47  Gateway  
  117  7:51  Pylon  
  117  7:52  Pylon x2  
  117  7:54  Pylon  
  117  7:56  Colossus (Chrono Boost)  
  117  8:00  Probe  
  124  8:08  Stalker x4  
  124  8:12  Photon Cannon, Stalker x2  
  136  8:14  Stalker  
  138  8:25  Pylon  
  138  8:31  Stalker x3  
  138  8:32  Stalker  
  146  8:38  Stalker  
  146  8:39  Stalker  
  150  8:41  Stalker  
  152  8:49  Stalker x2  
  156  9:00  Stalker  
  156  9:01  Stalker x3  
  154  9:13  Stalker x3  
  154  9:14  Stalker  
  128  9:38  Stalker x5  
  82  9:54  Stalker x4  
Show
View Real Time Build Order
Export as new Build Order

Namshar Zerg - Winner!

Build Orders: Hatch First 

Get SALT Encoding   

  12  0:00  Drone  
  13  0:12  Overlord  
  13  0:17  Drone  
  14  0:30  Drone x2  
  16  0:49  Hatchery  
  15  0:52  Drone  
  15  0:56  Drone  
  17  1:00  Drone  
  18  1:09  Extractor  
  17  1:15  Spawning Pool  
  16  1:18  Drone  
  16  1:22  Drone  
  18  1:28  Drone  
  19  1:39  Drone  
  20  1:49  Overlord  
  20  2:02  Queen x2, Zergling x2  
  20  2:03  Zergling x2  
  26  2:10  Drone  
  26  2:12  Drone  
  26  2:13  Metabolic Boost  
  28  2:22  Drone  
  29  2:23  Drone  
  30  2:33  Drone x2  
  32  2:44  Hatchery  
  32  2:48  Overlord  
  32  2:50  Drone  
  32  2:54  Queen  
  34  2:59  Drone  
  34  3:01  Overlord  
  35  3:08  Drone  
  35  3:12  Drone x3  
  39  3:14  Drone  
  39  3:16  Drone  
  39  3:17  Drone  
  39  3:19  Overlord  
  42  3:26  Drone x2  
  44  3:31  Queen  
  46  3:37  Drone  
  46  3:38  Roach Warren  
  46  3:41  Spore Crawler, Extractor  
  46  3:42  Drone  
  46  3:48  Drone x2  
  47  3:49  Drone  
  47  3:52  Overlord  
  48  4:03  Spine Crawler  
  48  4:09  Overlord  
  47  4:17  Roach x4  
  47  4:22  Overlord  
  47  4:23  Drone x7  
  62  4:29  Overlord  
  63  4:32  Extractor  
  62  4:39  Lair  
  62  4:41  Roach x2  
  66  4:46  Drone x7  
  73  5:04  Roach x2, Zergling x6  
  80  5:10  Overlord x2  
  80  5:12  Drone  
  81  5:14  Evolution Chamber  
  81  5:15  Zergling x6  
  83  5:26  Drone x5  
  83  5:27  Extractor  
  83  5:28  Extractor  
  84  5:34  Overlord x2  
  84  5:41  Drone x2  
  86  5:42  Overlord  
  86  5:43  Overlord, Glial Reconstitution  
  86  5:45  Zerg Missile Weapons Level 1  
  86  5:46  Roach x4  
  94  5:55  Queen  
  96  5:59  Overlord  
  96  6:01  Overseer  
  96  6:02  Drone x3  
  99  6:08  Drone  
  99  6:09  Baneling Nest  
  99  6:12  Overlord  
  99  6:16  Drone x5  
  102  6:23  Queen  
  104  6:28  Drone  
  104  6:29  Extractor  
  104  6:30  Hatchery  
  104  6:32  Drone x2  
  105  6:33  Drone  
  105  6:38  Roach x5  
  112  6:43  Overlord  
  112  6:48  Overlord  
  112  6:49  Overlord  
  112  6:51  Overseer, Ravager x5  
  117  6:56  Centrifical Hooks  
  117  6:59  Drone  
  117  7:01  Evolution Chamber  
  117  7:05  Drone  
  117  7:06  Drone x2  
  117  7:07  Drone x3  
  117  7:08  Drone x2, Overlord  
  125  7:12  Roach  
  125  7:13  Roach x2  
  125  7:14  Ravager x2  
  125  7:15  Ravager x2  
  135  7:19  Ravager  
  135  7:22  Roach x4  
  144  7:29  Roach x3  
  150  7:35  Extractor  
  148  7:39  Ravager  
  148  7:41  Ravager  
  148  7:42  Roach x4  
  158  7:50  Drone  
  158  7:51  Drone x8  
  167  7:55  Zerg Melee Weapons Level 1  
  167  8:04  Hatchery  
  164  8:06  Queen  
  164  8:11  Infestation Pit  
  165  8:14  Zergling x18  
  165  8:16  Overlord  
  174  8:20  Zergling x2  
  174  8:21  Zergling x6  
  174  8:25  Ravager  
  174  8:26  Ravager x6  
  183  8:41  Baneling x15  
  183  8:46  Zergling x2  
  183  8:47  Zergling x14  
  191  8:52  Hatchery  
  191  8:53  Baneling x9  
  186  9:11  Roach x11  
  190  9:19  Zergling x12, Roach  
  189  9:25  Zergling x4, Roach  
  182  9:32  Zergling x4, Roach  
  182  9:34  Zergling x8, Roach  
  172  9:41  Roach  
Tags
 
Add a new tag
Caveats
  • Supply blocks, unpowered buildings, or Contaminate may cause inaccurate times.
  • Supply counts are checked every 10 seconds.